 Dungeon Crawl Stone Soup version 0.31-a0-198-g2ad674f65e (webtiles) character file.

Game seed: 17997523181683428439

11 qw the Shooter (level 2, -4/16 HPs)
             Began as a Deep Elf Hunter on June 25, 2023.
             Slain by Sigmund
             ... wielding a +0 scythe
              (10 damage)
             ... on level 2 of the Dungeon.
             The game lasted 00:00:09 (682 turns).

qw the Shooter (Deep Elf Hunter)                     Turns: 682, Time: 00:00:10

Health: -4/16      AC:  5    Str: 14    XL:     2   Next: 13%
Magic:  4/4        EV: 11    Int: 13    God:
Gold:   52         SH:  0    Dex: 18    Spells: 1/1 levels left

rFire   . . .        Y - +0 shortbow
rCold   . . .        (shield currently unavailable)
rNeg    . . .        g - +0 ring mail
rPois   .            (no helmet)
rElec   .            (no cloak)
rCorr   .            (no gloves)
SInv    .            (no boots)
Will    .....        (no amulet) Stlth
                     i - +6 ring of strength
HPRegen 0.22/turn    (no ring)
MPRegen 0.09/turn

%: no passive effects
@: confused
A: no striking features
a: no special abilities


You were on level 2 of the Dungeon.
You visited 1 branch of the dungeon, and saw 2 of its levels.

You collected 52 gold pieces.


   Skills:
 - Level 1.5 Fighting
 + Level 6.0 Ranged Weapons
 - Level 2.4 Dodging
 - Level 1.2 Stealth


You had one spell level left.
You didn't know any spells.
Your spell library was empty.

Inventory:

Hand Weapons
 Y - a +0 shortbow (weapon)
Armour
 g - a +0 ring mail (worn)
Jewellery
 i - a +6 ring of strength (left hand)
Potions
 e - a potion of magic {unknown}
 h - a potion of lignification {unknown}
 j - a potion of degeneration {unknown}
 k - a potion of curing {unknown}

Dungeon Overview and Level Annotations

Branches:
Dungeon (2/15)

Altars:

Annotations:
D:2 Sigmund


Message History

540 ||| READING scroll labelled YWICOXZ XOCE.
As you read the scroll labelled YWICOXZ XOCE, it crumbles to dust.
A profound silence engulfs you.
It was a scroll of silence.
You start waiting.
Your hearing returns.
Done waiting.
Done exploring.
641 ||| DROPPING scroll of butterflies.
You drop a scroll of butterflies.
Done exploring.
(D) Dungeon
Where to? (* - list waypoints, ? - help)
What level of the Dungeon? (default 1, ? - help)
There is a stone staircase leading down here.
You climb downwards.
Found a stone staircase leading down.
There is a stone staircase leading up here.
Waypoint 1 assigned to D:2.
You now have 52 gold pieces (gained 11).
Sigmund the Dreaded comes into view.
He is wielding a +0 scythe.
You shoot an arrow. The arrow hits Sigmund!
Sigmund shouts!
Sigmund is moderately wounded.
Sigmund points at you and mumbles some strange words.
The magic dart hits you.
You shoot an arrow. The arrow barely misses Sigmund.
You start resting.
Sigmund is nearby!
You shoot an arrow. The arrow hits Sigmund!
Sigmund is severely wounded.
You shoot an arrow. The arrow barely misses Sigmund.
Sigmund gestures at you while chanting.
You are confused.
Sigmund points at you and mumbles some strange words.
You are more confused.
Sigmund casts a spell at you. The puff of flame hits you!
Ouch! That really hurt!
Sigmund hits you from afar with a +0 scythe!
Ouch! That really hurt!
You die...

## # .. #. #.## #.#
#...###.####
#@.@#....#######
.....##.#....#.....
... #.#..<.+... .
#.#....#.#
#.#......#
#...##..##
###.#..## #>..##
#####


You could see Sigmund.

Vanquished Creatures
  5 bats (D:1)
  A goblin (D:1)
  A ball python (D:1)
  A frilled lizard (D:1)
  A kobold (D:1)
  2 rats (D:1)
11 creatures vanquished.

Notes
Turn   | Place    | Note
-------+----------+-------------------------------------------
     0 | D:1      | qw the Deep Elf Hunter began the quest for the Orb.
     0 | D:1      | Reached XP level 1. HP: 12/12 MP: 3/3
     0 | D:1      | 0 ||| qw: Version: 0.3-a-22-g0ed2b0b
     0 | D:1      | 0 ||| qw: Game counter: 4920
     0 | D:1      | 0 ||| qw: Melee chars always use a shield: true
     0 | D:1      | 0 ||| qw: God list: Okawaru
     0 | D:1      | 0 ||| qw: Allow faded altars: false
     0 | D:1      | 0 ||| qw: Do Orc after clearing Dungeon:15 true
     0 | D:1      | 0 ||| qw: Do second Lair branch before Depths: true
     0 | D:1      | 0 ||| qw: Lair rune preference: random
     0 | D:1      | 0 ||| qw: Goals: Normal
     0 | D:1      | 0 ||| PLANNING D:1-11
   187 | D:1      | Reached XP level 2. HP: 16/16 MP: 4/4
   199 | D:1      | Reached skill level 6 in Ranged Weapons
   517 | D:1      | 517 ||| UPGRADING to +0 scale mail.
   527 | D:1      | 527 ||| DROPPING +0 leather armour.
   528 | D:1      | 528 ||| UPGRADING to +0 ring mail.
   538 | D:1      | 538 ||| DROPPING +0 scale mail.
   539 | D:1      | 539 ||| UPGRADING to +6 ring of strength.
   540 | D:1      | 540 ||| READING scroll labelled YWICOXZ XOCE.
   641 | D:1      | 641 ||| DROPPING scroll of butterflies.
   674 | D:2      | Noticed Sigmund
   682 | D:2      | Slain by Sigmund

Levels and vault maps discovered:
D:1:      dpeg_arrival_tiny_a, layout_loops_ring
D:2:      layout_basic, uniq_robin, uniq_sigmund

Skill      XL: |  1  2 |
---------------+-------+-----
Ranged Weapons | 6 |  6.0
Fighting       | |  1.5
Dodging        | |  2.4
Stealth        | |  1.2

Action                     || total
---------------------------++-------
   Fire: Shortbow          ||    28
    Use: Scroll            ||     1
 Armour: Leather armour    ||     1
  Dodge: Dodged            ||     5

Table legend:
 A = Non-vault XP
 B = Vault XP
 C = Vault XP percentage of total XP
 D = Non-vault monster count
 E = Vault monster count
 F = Vault count percentage of total count
                 A         B        C        D         E       F
            +---------+---------+-------+---------+---------+-------
      Total |      16 |       0 |   0.0 |      11 |       0 |   0.0
            +---------+---------+-------+---------+---------+-------
        D:1 |      16 |       0 |   0.0 |      11 |       0 |   0.0
            +---------+---------+-------+---------+---------+-------
